 Dungeon Crawl Stone Soup version 0.24-a0-291-g79c1ce7 (webtiles) character file.

Game seed: 14917404959828826035

278 Mgcat the Skirmisher (level 6, -13/48 HPs)
             Began as a Mummy Monk on May 9, 2019.
             Shot with an arrow by a centaur (14 damage)
             ... on level 5 of the Dungeon.
             The game lasted 00:08:13 (5958 turns).

Mgcat the Skirmisher (Mummy Monk)                   Turns: 5958, Time: 00:08:14

Health: -13/48     AC:  2    Str: 16    XL:     6   Next: 5%
Magic:  6/6        EV: 13    Int: 10    God:
Gold:   100        SH:  0    Dex: 17    Spells: 5/5 levels left

rFire    . . .     SeeInvis .     - Unarmed
rCold    . . .     Gourm    .   (no shield)
rNeg     + + +     Faith    .   (no armour)
rPois    ∞         Spirit   .   g - +1 helmet
rElec    .         Reflect  .   (no cloak)
rCorr    .         Harm     .   (no gloves)
MR       .....                  (no boots)
Stlth    +++.......             (no amulet)
HPRegen  0.16/turn              b - +3 ring of dexterity
MPRegen  0.10/turn              e - ring of fire {rF+, rC-}

@: no status effects
A: no food or potions, fire vulnerability, cold resistance 1, negative energy
resistance 3, torment resistance, unbreathing
a: no special abilities


You were on level 5 of the Dungeon.
You were not hungry.

You visited 1 branch of the dungeon, and saw 5 of its levels.

You collected 100 gold pieces.

Inventory:

Armour
 g - a +1 helmet (worn)
   (You found it on level 2 of the Dungeon)
Jewellery
 b - a +3 ring of dexterity (left hand)
   (You found it on level 3 of the Dungeon)
 e - a ring of fire (right hand) {rF+, rC-}
   (You found it on level 3 of the Dungeon)
Scrolls
 a - 2 scrolls of identify
 c - 2 scrolls of teleportation
 d - a scroll of fog
 f - a scroll of remove curse


   Skills:
 + Level 4.3 Fighting
 - Level 2.4 Dodging
 - Level 4.0 Stealth
 + Level 3.5 Unarmed Combat


You had 5 spell levels left.
You didn't know any spells.
Your spell library was empty.

Dungeon Overview and Level Annotations

Branches:
Dungeon (5/15)
 Temple: D:4-7

Altars:
Fedhas

Annotations:
D:4 exclusions: phantom and 4 more exclusions


Innate Abilities, Weirdness & Mutations

You do not eat or drink.
Your flesh is vulnerable to fire.
You are immune to poison.
Your flesh is cold resistant. (rC+)
You are immune to negative energy. (rN+++)
You are immune to unholy pain and torment.
You can survive without breathing.


Message History

Warning x2: The centaur is fast and can hit for moderate damage at range!
The shadow imp can Animate Dead!
You closely miss the centaur. The centaur hits you.
The shadow imp closely misses you.
You take 6 damage, and have 36/48 hp.
Warning x2: The centaur is fast and can hit for moderate damage at range!
The shadow imp can Animate Dead!
You hit the centaur.
The centaur is lightly wounded.
The centaur closely misses you. The shadow imp hits you.
You take 1 damage, and have 35/48 hp.
Warning x2: The centaur is fast and can hit for moderate damage at range!
The shadow imp can Animate Dead!
You hit the centaur but do no damage.
The centaur is lightly wounded.
The centaur completely misses you.
The centaur hits you but does no damage.
The shadow imp closely misses you.
Warning x2: The centaur is fast and can hit for moderate damage at range!
The shadow imp can Animate Dead!
You hit the centaur.
The centaur is moderately wounded.
The centaur closely misses you. The shadow imp closely misses you.
Warning x2: The centaur is fast and can hit for moderate damage at range!
The shadow imp can Animate Dead!
You barely miss the centaur.
The centaur is moderately wounded.
The centaur barely misses you. x2
Warning x2: The centaur is fast and can hit for moderate damage at range!
The shadow imp can Animate Dead!
You hit the centaur.
The centaur is moderately wounded.
The shadow imp completely misses you. The centaur barely misses you.
Warning x2: The centaur is fast and can hit for moderate damage at range!
The shadow imp can Animate Dead!
You hit the centaur.
The centaur is heavily wounded.
The centaur hits you! The shadow imp closely misses you. The centaur hits you.
You take 9 damage, and have 26/48 hp.
Warning x2: The centaur is fast and can hit for moderate damage at range!
The shadow imp can Animate Dead!
The shadow imp barely misses you. The centaur closely misses you.
Warning x2: The centaur is fast and can hit for moderate damage at range!
The shadow imp can Animate Dead!
The centaur wields a +0 shortbow.
The centaur shoots an arrow.
The arrow hits you. The shadow imp hits you.
You see here an arrow.
You take 5 damage, and have 21/48 hp.
Warning x2: The centaur is fast and can hit for moderate damage at range!
The shadow imp can Animate Dead!
Warning x2: The centaur is fast and can hit for moderate damage at range!
The shadow imp can Animate Dead!
Warning x2: The centaur is fast and can hit for moderate damage at range!
The shadow imp can Animate Dead!
You completely miss the shadow imp. The shadow imp hits you.
You take 2 damage, and have 19/48 hp.
Warning x2: The centaur is fast and can hit for moderate damage at range!
The shadow imp can Animate Dead!
You hit the shadow imp.
The shadow imp is lightly wounded.
The shadow imp barely misses you.
Warning x2: The centaur is fast and can hit for moderate damage at range!
The shadow imp can Animate Dead!
Okay, then.
Warning x2: The centaur is fast and can hit for moderate damage at range!
The shadow imp can Animate Dead!
Unknown command.
Warning x2: The centaur is fast and can hit for moderate damage at range!
The shadow imp can Animate Dead!
You can't drink.
Warning x2: The centaur is fast and can hit for moderate damage at range!
The shadow imp can Animate Dead!
Unknown command.
Warning x2: The centaur is fast and can hit for moderate damage at range!
The shadow imp can Animate Dead!
Unknown command.
Warning x2: The centaur is fast and can hit for moderate damage at range!
The shadow imp can Animate Dead!
You closely miss the shadow imp.
The shadow imp is lightly wounded.
The shadow imp barely misses you.
Warning x2: The centaur is fast and can hit for moderate damage at range!
The shadow imp can Animate Dead!
Unknown command.
Warning x2: The centaur is fast and can hit for moderate damage at range!
The shadow imp can Animate Dead!
You hit the shadow imp but do no damage.
The shadow imp is lightly wounded.
The shadow imp hits you.
You take 1 damage, and have 18/48 hp.
Warning x2: The centaur is fast and can hit for moderate damage at range!
The shadow imp can Animate Dead!
You hit the shadow imp but do no damage.
The shadow imp is lightly wounded.
The shadow imp closely misses you.
Warning x2: The centaur is fast and can hit for moderate damage at range!
The shadow imp can Animate Dead!
You hit the shadow imp.
The shadow imp is heavily wounded.
The shadow imp barely misses you.
Warning x2: The centaur is fast and can hit for moderate damage at range!
The shadow imp can Animate Dead!
You closely miss the shadow imp.
The shadow imp is heavily wounded.
The shadow imp hits you.
* * * LOW HITPOINT WARNING * * *
You take 6 damage, and have 12/48 hp.
Warning x2: The centaur is fast and can hit for moderate damage at range!
The shadow imp can Animate Dead!
You hit the shadow imp but do no damage.
The shadow imp is heavily wounded.
The shadow imp barely misses you.
Warning x2: The centaur is fast and can hit for moderate damage at range!
The shadow imp can Animate Dead!
Warning x2: The centaur is fast and can hit for moderate damage at range!
The shadow imp can Animate Dead!
The shadow imp shouts, "Give up, thou fulsome weeb-spouting linensack!"
You see here 18 sling bullets.
Spoiler Alert: The shadow imp can Animate Dead!
Warning x2: The centaur is fast and can hit for moderate damage at range!
The shadow imp can Animate Dead!
The centaur shoots an arrow.
The arrow hits you!
* * * LOW HITPOINT WARNING * * *
You see here an arrow.
You take 12 damage, and have 1/48 hp.
MASSIVE DAMAGE!!
Warning x2: The centaur is fast and can hit for moderate damage at range!
The shadow imp can Animate Dead!
The centaur shoots an arrow.
The arrow hits you!
You die...

#####.######
#.........(# ####
#.###.####.# ... #.#
#.# #.#####.#
####.###.# #..(....#
#........# #..###..#
#.##.##### #..#!c(.#
#.##.# #..#.#5.#
##.##.###### #..@(...#
...............#####.#
......########## ...
...>..### ####
.<....... .).....#[
........... .>.....#.
# ##.#####.#


You could see a centaur and a shadow imp.

Vanquished Creatures
  Jessica (D:2)
  A centaur skeleton (D:4)
  2 worker ants
  A hound skeleton (D:4)
  8 adders
  2 worms
  A dart slug (D:1)
  3 leopard geckos
  8 orcs
  6 bats
  7 giant cockroaches
  8 goblins
  6 hobgoblins
  2 quokkas
  4 ball pythons
  11 frilled lizards
  5 kobolds
  6 rats
82 creatures vanquished.

Notes
Turn   | Place    | Note
-------+----------+-------------------------------------------
     0 | D:1      | Mgcat the Mummy Monk began the quest for the Orb.
     0 | D:1      | Reached XP level 1. HP: 18/18 MP: 1/1
   329 | D:1      | Reached skill level 2 in Stealth
   332 | D:1      | Reached XP level 2. HP: 7/24 MP: 2/2
  1569 | D:1      | Reached XP level 3. HP: 17/29 MP: 3/3
  2383 | D:2      | Noticed Jessica
  2389 | D:2      | Killed Jessica
  2389 | D:2      | Reached skill level 3 in Stealth
  2389 | D:2      | Reached XP level 4. HP: 29/35 MP: 4/4
  2809 | D:2      | Reached skill level 3 in Unarmed Combat
  3410 | D:3      | Found a blossoming altar of Fedhas.
  3534 | D:3      | Reached XP level 5. HP: 37/42 MP: 5/5
  4226 | D:4      | Reached skill level 4 in Fighting
  4585 | D:4      | Noticed a phantom
  4871 | D:4      | Reached skill level 4 in Stealth
  4905 | D:4      | HP: 8/42 [worker ant (3)]
  5725 | D:3      | Reached XP level 6. HP: 41/48 MP: 6/6
  5871 | D:5      | Entered Level 5 of the Dungeon
  5951 | D:5      | HP: 12/48 [shadow imp (6)]
  5957 | D:5      | HP: 1/48 [centaur/arrow (12)]
  5958 | D:5      | Shot with an arrow by a centaur

Levels and vault maps discovered:
D:1:      dpeg_arrival_tiny_i, layout_basic, minmay_misc_feat_diagonals,
          minmay_octomino_j4
D:2:      layout_basic, first_ration, hangedman_glass_teeth, uniq_jessica
D:3:      layout_loops_ring, fedhas_ov_isle_minmay
D:4:      layout_cave_pools
D:5:      layout_loops_ring

Skill      XL: |  1  2  3  4  5 |
---------------+----------------+-----
Stealth        | 2 3 4 |  4.0
Unarmed Combat | 3 |  3.5
Fighting       | 4 |  4.3
Dodging        | |  2.4

Action                   |  1- 3 |  4- 6 || total
-------------------------+-------+-------++-------
Melee: Unarmed           |   147 |   230 ||   377
       Punch             |     4 |       ||     4
  Use: Scroll            |     3 |     4 ||     7
 Stab: Sleeping          |     6 |     8 ||    14
       Distracted        |       |     1 ||     1
Armor: Robe              |     3 |       ||     3
       Skin              |     5 |    24 ||    29
Dodge: Dodged            |    89 |   143 ||   232

Table legend:
 A = Non-vault XP
 B = Vault XP
 C = Vault XP percentage of total XP
 D = Non-vault monster count
 E = Vault monster count
 F = Vault count percentage of total count
                 A         B        C        D         E       F
            +---------+---------+-------+---------+---------+-------
      Total |     356 |      42 |  10.6 |      78 |       4 |   4.9
            +---------+---------+-------+---------+---------+-------
        D:1 |      37 |       5 |  11.9 |      22 |       3 |  12.0
        D:2 |      71 |      37 |  34.3 |      20 |       1 |   4.8
        D:3 |     116 |       0 |   0.0 |      20 |       0 |   0.0
        D:4 |     116 |       0 |   0.0 |      14 |       0 |   0.0
        D:5 |      16 |       0 |   0.0 |       2 |       0 |   0.0
            +---------+---------+-------+---------+---------+-------

Levels and vault maps discovered:
D:1:      dpeg_arrival_tiny_i, layout_basic, minmay_misc_feat_diagonals,
          minmay_octomino_j4
D:2:      layout_basic, first_ration, hangedman_glass_teeth, uniq_jessica
D:3:      layout_loops_ring, fedhas_ov_isle_minmay
D:4:      layout_cave_pools
D:5:      layout_loops_ring

Table legend:
 A = Turns spent in this place as a percentage of turns spent in the entire game.
 B = Non-inter-level travel turns spent in this place as a percentage of non-inter-level travel turns spent in the entire game.
 C = Inter-level travel turns spent in this place as a percentage of turns spent in this place.
 D = Turns resting spent in this place as a percentage of non-inter-level travel turns spent in this place.
 E = Turns spent auto-exploring this place as a percentage of non-inter-level travel turns spent in this place.
 F = Non-inter-level travel turns spent in this place divided by the number of levels of this place that you've seen.
                   A       B       C       D       E      F
               +-------+-------+-------+-------+-------+----------------------
         Total | 100.0 | 100.0 |   4.1 |  30.1 |  53.8 | 1142.6
       Dungeon | 100.0 | 100.0 |   4.1 |  30.1 |  53.8 | 1142.6
               +-------+-------+-------+-------+-------+----------------------

Table legend:
 A = Kills in this place as a percentage of kills in entire the game.
 B = Kills by you in this place as a percentage of kills by you in the entire game.
 C = Kills by friends in this place as a percentage of kills by friends in the entire game.
 D = Other kills in this place as a percentage of other kills in the entire game.
 E = Experience gained in this place as a percentage of experience gained in the entire game.
 F = Experience gained in this place divided by the number of levels of this place that you have seen.
                   A       B       C       D       E      F
               +-------+-------+-------+-------+-------+----------------------
         Total | 100.0 | 100.0 |   N/A |   N/A | 100.0 |  79.6
       Dungeon | 100.0 | 100.0 |   N/A |   N/A | 100.0 |  79.6
               +-------+-------+-------+-------+-------+----------------------
